 Dungeon Crawl Stone Soup version 0.19-b1-5-gdc9fa9d (webtiles) character file.

18968 Gargoyl the Corrupter of Planes (level 12, -5/93 HPs)
             Began as a Demonspawn Abyssal Knight on Oct 31, 2016.
             Was the Champion of Lugonu.
             Slain by Vesto's ghost (21 damage)
             ... on level 2 of the Lair of Beasts on Nov 1, 2016.
             The game lasted 00:24:29 (12998 turns).

Gargoyl the Corrupter of Planes (DsAK)             Turns: 12998, Time: 00:24:30

Health: -5/93      AC: 19    Str: 22    XL:     12   Next: 32%
Magic:  0/21       EV:  6    Int: 14    God:    Lugonu [******]
Gold:   561        SH: 14    Dex: 13    Spells: 0 memorised, 11 levels left

rFire  + + .     SeeInvis .     g - +3 long sword (elec)
rCold  . . .     Gourm    .     P - +0 plate armour
rNeg   + . .     Faith    .     t - +4 shield {reflect}
rPois  .         Spirit   +     M - +2 helmet
rElec  .         Reflect  +     (no cloak)
rCorr  .         Harm     .     A - +0 pair of gloves
MR     .....                    z - +0 pair of boots
Stlth  ..........               o - amulet of regeneration
                                e - +5 ring of strength
                                F - ring of positive energy

@: heavily drained
A: talons 2, fire resistance 2, sense surroundings 1, magic shield, magic
regeneration, magic link, sturdy frame 2
a: Depart the Abyss, Bend Space, Banish, Corrupt, Enter the Abyss, Brand Weapon
With Distortion, Renounce Religion


You were on level 2 of the Lair of Beasts.
You worshipped Lugonu.
Lugonu was exalted by your worship.
You were full.

You visited 2 branches of the dungeon, and saw 14 of its levels.
You visited the Abyss 1 time.
You also visited: Ossuary.

You collected 756 gold pieces.
You spent 195 gold pieces at shops.

Inventory:

Hand Weapons
 f - a +1 war axe
 g - a +3 long sword of electrocution (weapon)
 j - a +3 war axe
 l - a +0 broad axe
 T - a +1 war axe of venom
Armour
 t - a +4 shield of reflection (worn)
 z - a +0 pair of boots (worn)
 A - a +0 pair of gloves (worn)
 M - a +2 helmet (worn)
 P - a +0 plate armour (worn)
Jewellery
 e - a +5 ring of strength (right hand)
 h - an uncursed ring of see invisible
 o - an amulet of regeneration (around neck)
 F - a ring of positive energy (left hand)
Wands
 d - a wand of iceblast (8/15)
 r - a wand of teleportation (4/9)
 H - a wand of random effects (4/48)
 J - a wand of acid (9/15)
 K - a wand of polymorph (20/24)
 N - a wand of slowing (12/48)
 O - a wand of acid (13/15)
 Q - a wand of confusion (29/48)
Scrolls
 m - 8 scrolls of remove curse
 n - 5 scrolls of teleportation
 v - 2 scrolls of fog
 x - 2 scrolls of recharging
 y - 6 scrolls of blinking
 C - 8 scrolls of identify
 E - 2 scrolls of fear
Potions
 a - a potion of heal wounds
 i - 3 potions of curing
 s - 4 potions of invisibility
 u - 5 potions of haste
 w - 2 potions of might
 G - 2 potions of brilliance
Books
 B - a book of Debilitation

   Spells                             Type                      Level
   a - Corona                         Hexes                        1
   b - Slow                           Hexes                        2
   c - Gell's Gravitas                Hexes/Translocation          3
   d - Inner Flame                    Hexes/Fire                   3
   e - Cause Fear                     Hexes                        4
   f - Leda's Liquefaction            Hexes/Earth                  4
Comestibles
 b - 6 beef jerkies
 c - 9 bread rations
 k - 6 meat rations
 p - a fruit
 q - a royal jelly
 L - 7 slices of pizza


   Skills:
 + Level 8.2(6.4) Fighting
 + Level 10.1(8.2) Long Blades
 + Level 1.8(0.3) Axes
 * Level 10.1(8.2) Armour
 + Level 1.5(0.0) Dodging
 + Level 5.8(4.2) Shields
 * Level 12.0(10.0) Invocations


You had 11 spell levels left.
You didn't know any spells.

Dungeon Overview and Level Annotations

Branches:
Dungeon (12/15)            Temple (0/1) D:6            Lair (2/6) D:11
    Orc (0/2) D:12
  Swamp: Lair:2-4    Shoals: Lair:2-4     Snake: Lair:2-4    Spider: Lair:2-4

Altars:
Dithmenos
Elyvilon
Gozag
Kikubaaqudgha
Ru
Trog
Zin
The Shining One

Shops:
D:10 =

Annotations:
Lair:2 Vesto's ghost, novice MiFi


Innate Abilities, Weirdness & Mutations

You have razor-sharp toenails.
Your flesh is very heat resistant. (rF++)
When hurt, damage is shared between your health and your magic reserves.
You regenerate magic rapidly.
When low on magic, you restore magic in place of health.
Your movements are less encumbered by armour. (ER -4)
You passively map a small area around you.


Message History

You block the blink frog's attack.
You miss Vesto's ghost.
Vesto's ghost is almost destroyed.
The blink frog hits you but does no damage.
Vesto's ghost takes a fighting stance.
Vesto's ghost hits you but does no damage.
You partially resist.
You feel drained. You block the blink frog's attack.
Your shield and plate armour prevent you from hitting Vesto's ghost.
Vesto's ghost is almost destroyed.
Vesto's ghost hits you!!
* * * LOW HITPOINT WARNING * * *
You partially resist.
You feel drained.
* * * LOW HITPOINT WARNING * * *
The blink frog barely misses you.
You closely miss Vesto's ghost.
Vesto's ghost is almost destroyed.
The blink frog hits you.
* * * LOW HITPOINT WARNING * * *
The blink frog blinks!
Vesto's ghost hits you!!
You die...

, , , , . ,,.... , , *# .
#... , #.#. #..# , # P ,
....##...* ,.#.# ,
........###+....* *
...#......+.>...
.....#ยง.F#P.....,, * *
.....'W@....# , ##....##
...###>..#### ###, .#.....#
#...#.##+#P.# ,, .......#**
* #............ ......####
P##............ ..........
...)............. ,
................)...........
,
.....P.##..#.##............
.....P##.....###...........
,


You could see a blink frog and Vesto's ghost.

Vanquished Creatures
  A catoblepas (Lair:2)
  The ghost of Leibowitz the Spear-Bearer, a novice DgGl (D:12)
  An unseen horror (D:11)
  A hill giant (D:10)
  A black mamba (Lair:1)
  A spiny frog (Lair:1)
  Psyche (D:9)
  2 rime drakes
  An efreet (D:11)
  A komodo dragon (Lair:1)
  2 two-headed ogres
  Prince Ribbit (D:9)
  A slime creature (D:12)
  7 blink frogs (Lair:1)
  6 hippogriffs
  The ghost of Mukku the Caller, an amateur TeSu (Ossuary)
  14 yaks
  4 hogs (D:8)
  A human (D:8)
  2 steam dragons (D:5)
  A hungry ghost (D:10)
  A soldier ant (D:10)
  Duvessa (D:6)
  A water moccasin (Lair:1)
  A porcupine (Lair:1)
  2 phantoms
  5 orc warriors
  2 ice beasts (D:9)
  4 ogres
  2 sky beasts
  6 centaurs
  A crocodile (D:9)
  Blork the orc (D:4)
  8 bullfrogs
  A gnoll sergeant (D:8)
  Dowan (D:6)
  A wyvern skeleton (D:12)
  5 scorpions
  A water moccasin skeleton (D:9)
  6 killer bees (D:9)
  11 wights
  A howler monkey (D:5)
  6 centaur zombies
  11 crimson imps
  2 bullfrog zombies
  A jelly (D:9)
  2 centaur skeletons
  6 orc priests
  8 hounds
  3 bullfrog skeletons
  4 iguanas
  10 orc wizards
  8 worker ants
  2 big kobold zombies (Ossuary)
  A hound zombie (D:5)
  A hound skeleton (D:8)
  3 mummies
  7 gnolls
  10 adders
  2 shadow imps
  2 oozes
  4 adder zombies
  A dart slug (D:4)
  4 leopard geckos
  58 orcs
  6 bats
  3 giant cockroaches
  6 goblins
  4 hobgoblins
  13 jackals
  A quokka (D:5)
  2 ball pythons
  2 frilled lizards (D:3)
  12 hobgoblin zombies (Ossuary)
  2 jackal zombies (Ossuary)
  9 kobolds
  5 kobold zombies (Ossuary)
  10 orc zombies (Ossuary)
  A quokka skeleton (D:4)
  2 rats
  A rat zombie (Ossuary)
348 creatures vanquished.

Vanquished Creatures (others)
  A slime creature (D:12)
  4 centaurs
  A crimson imp (D:9)
  A leopard gecko zombie (D:5)
7 creatures vanquished.

Grand Total: 355 creatures vanquished

Notes
Turn   | Place    | Note
-------+----------+-------------------------------------------
     0 | Abyss:1  | Gargoyl the Demonspawn Abyssal Knight began the quest for the Orb.
     0 | Abyss:1  | Reached XP level 1. HP: 18/18 MP: 2/2
    17 | Abyss:2  | Found a corrupted altar of Lugonu.
    45 | Abyss:2  | Found a corrupted altar of Lugonu.
    61 | Abyss:2  | Noticed an angel
    76 | Abyss:3  | Noticed an ancient zyme
    81 | Abyss:3  | Noticed a starcursed mass
    86 | D:1      | Escaped the Abyss
   495 | D:1      | Reached * piety under Lugonu
   495 | D:1      | Gained mutation: You have sharp toenails. [demonic ancestry]
   495 | D:1      | Reached XP level 2. HP: 24/24 MP: 3/3
   981 | D:2      | Gained mutation: Your flesh is heat resistant. (rF+) [demonic ancestry]
   981 | D:2      | Reached XP level 3. HP: 29/29 MP: 5/5
  1640 | D:3      | Reached skill level 3 in Invocations
  1699 | D:3      | Found a glowing golden altar of the Shining One.
  2178 | D:3      | Reached skill level 1 in Long Blades
  2217 | D:3      | Reached XP level 4. HP: 25/35 MP: 6/6
  2316 | D:3      | Reached ** piety under Lugonu
  2500 | D:3      | Gained mutation: You have razor-sharp toenails. [demonic ancestry]
  2500 | D:3      | Reached XP level 5. HP: 38/41 MP: 7/7
  2662 | D:4      | Noticed Blork the orc
  2671 | D:4      | Killed Blork the orc
  2959 | D:4      | Reached skill level 4 in Invocations
  2965 | D:4      | Noticed a phantom
  2970 | D:4      | Gained mutation: When hurt, damage is shared between your health and your magic reserves. [demonic ancestry]
  2970 | D:4      | Reached XP level 6. HP: 33/48 MP: 9/9
  2992 | D:4      | Reached skill level 1 in Dodging
  3203 | D:4      | Reached XP level 7. HP: 54/54 MP: 10/10
  3421 | D:4      | Reached skill level 5 in Invocations
  3588 | D:5      | Entered Level 5 of the Dungeon
  3784 | D:5      | Noticed a steam dragon
  3785 | D:5      | Noticed a steam dragon
  3791 | D:5      | Killed a steam dragon
  3798 | D:5      | Killed a steam dragon
  3798 | D:5      | Reached skill level 5 in Armour
  3798 | D:5      | Reached skill level 6 in Invocations
  3937 | D:5      | Found a shadowy altar of Dithmenos.
  4100 | D:5      | Gained mutation: Your movements are slightly less encumbered by armour. (ER -2) [demonic ancestry]
  4100 | D:5      | Reached XP level 8. HP: 61/61 MP: 12/12
  4411 | D:5      | Found a bloodstained altar of Trog.
  5035 | D:6      | Noticed Duvessa
  5037 | D:6      | Noticed Dowan
  5042 | D:6      | Killed Duvessa
  5048 | D:6      | Killed Dowan
  5313 | D:6      | Found a staircase to the Ecumenical Temple.
  5352 | D:6      | Reached skill level 7 in Invocations
  5356 | D:6      | Reached skill level 5 in Fighting
  5651 | D:7      | Reached skill level 5 in Long Blades
  6011 | D:7      | Reached *** piety under Lugonu
  6158 | D:7      | Found a sacrificial altar of Ru.
  6566 | D:7      | Reached XP level 9. HP: 63/68 MP: 12/14
  6584 | D:7      | Identified a scroll of acquirement
  6655 | D:7      | Found a glowing silver altar of Zin.
  6656 | D:7      | Noticed an angel
  7110 | D:8      | Reached skill level 8 in Invocations
  7394 | D:8      | Found a sand-covered staircase.
  7404 | Ossuary  | Entered an ossuary
  7410 | Ossuary  | Noticed Mukku's ghost (amateur TeSu)
  7419 | Ossuary  | Killed Mukku's ghost
  7419 | Ossuary  | Reached skill level 1 in Shields
  7490 | Ossuary  | Reached **** piety under Lugonu
  7832 | D:8      | Found an opulent altar of Gozag.
  7852 | D:8      | Found a white marble altar of Elyvilon.
  7963 | D:8      | Found a bloodstained altar of Trog.
  8084 | D:8      | Reached skill level 9 in Invocations
  8088 | D:8      | Gained mutation: You regenerate magic rapidly. [demonic ancestry]
  8088 | D:8      | Reached XP level 10. HP: 46/76 MP: 10/16
  8211 | D:9      | Reached ***** piety under Lugonu
  8280 | D:9      | Noticed Prince Ribbit
  8322 | D:9      | Killed Prince Ribbit
  8492 | D:9      | Gained mutation: You passively map a small area around you. [potion of beneficial mutation]
  8938 | D:9      | Found an ancient bone altar of Kikubaaqudgha.
  8953 | D:9      | Noticed Psyche
  8995 | D:9      | Killed Psyche
  9292 | D:10     | Entered Level 10 of the Dungeon
  9500 | D:10     | Found Atiyfocy's Jewellery Emporium.
  9505 | D:10     | Bought an uncursed ring of see invisible for 195 gold pieces
  9674 | D:10     | Gained mutation: Armour fits poorly on your strangely shaped body. [mutagenic meat]
  9675 | D:10     | Lost mutation: Armour fits poorly on your strangely shaped body. [mutagenic meat]
  9677 | D:10     | Gained mutation: Your movements are less encumbered by armour. (ER -4) [mutagenic meat]
  9697 | D:10     | Reached skill level 10 in Invocations
  9960 | D:10     | Noticed a hill giant
  9969 | D:10     | Killed a hill giant
 10008 | D:11     | Found a glowing silver altar of Zin.
 10027 | D:11     | Found a staircase to the Lair.
 10066 | D:11     | Reached XP level 11. HP: 39/83 MP: 10/18
 10082 | D:11     | Noticed an unseen horror
 10086 | D:11     | Killed an unseen horror
 10805 | D:12     | Reached skill level 11 in Invocations
 11116 | D:12     | Noticed Leibowitz's ghost (novice DgGl)
 11131 | D:12     | Killed Leibowitz's ghost
 11131 | D:12     | Reached skill level 5 in Shields
 11146 | D:12     | Gained mutation: You are agile. (Dex +2) [potion of mutation]
 11146 | D:12     | Gained mutation: Your flesh is very heat resistant. (rF++) [potion of mutation]
 11146 | D:12     | Lost mutation: You are agile. (Dex +2) [potion of mutation]
 11474 | D:12     | Reached ****** piety under Lugonu
 11500 | D:12     | Found a staircase to the Orcish Mines.
 11533 | Lair:1   | Entered Level 1 of the Lair of Beasts
 11665 | Lair:1   | Gained mutation: When low on magic, you restore magic in place of health. [demonic ancestry]
 11665 | Lair:1   | Reached XP level 12. HP: 82/92 MP: 18/20
 12319 | Lair:1   | Noticed a seven-headed hydra
 12320 | Lair:1   | Banished a seven-headed hydra
 12330 | Lair:1   | Reached skill level 10 in Long Blades
 12705 | Lair:1   | Reached skill level 10 in Armour
 12793 | Lair:2   | Noticed a catoblepas
 12830 | Lair:2   | Killed a catoblepas
 12830 | Lair:2   | Reached skill level 12 in Invocations
 12976 | Lair:2   | Noticed Vesto's ghost (novice MiFi)
 12998 | Lair:2   | Slain by Vesto's ghost

Skill      XL: |  1  2  3  4  5  6  7  8  9 10 11 12 |
---------------+-------------------------------------+-----
Armour         | 2 3 4 5 6 7 8 9 10 | 10.1
Invocations    | 3 4 6 7 9 10 11 12 | 12.0
Long Blades    | 1 2 3 4 5 7 8 9 10 | 10.1
Dodging        | 1 |  1.5
Fighting       | 4 5 6 7 8 |  8.2
Shields        | 2 4 5 |  5.8
Axes           | |  1.8

Action                   |  1- 3 |  4- 6 |  7- 9 | 10-12 || total
-------------------------+-------+-------+-------+-------++-------
Melee: Long sword        |    77 |    77 |   336 |   727 ||  1217
       Kick              |    17 |    22 |     3 |       ||    42
Invok: Depart the Abyss  |     1 |       |       |       ||     1
       Banish            |       |       |       |     4 ||     4
Evoke: Wand              |       |       |       |     2 ||     2
  Use: Scroll            |     1 |     7 |    11 |     7 ||    26
       Potion            |       |       |     2 |    16 ||    18
 Stab: Invisible         |       |       |       |     2 ||     2
  Eat: Chunk             |     3 |     4 |    16 |    16 ||    39
       Meat ration       |       |       |       |     1 ||     1
       Bread ration      |       |       |       |     1 ||     1
       Fruit             |       |       |       |    11 ||    11
Armor: Chain mail        |    68 |    44 |    71 |       ||   183
       Leather armour    |     1 |       |       |       ||     1
       Plate armour      |       |       |   157 |   464 ||   621
       Skin              |       |       |     1 |     1 ||     2
Dodge: Dodged            |    63 |    40 |   125 |   161 ||   389
Block: Shield            |       |       |   152 |   505 ||   657
       Reflection        |       |       |     2 |    20 ||    22
       Rpst.: Long sword |    23 |    15 |    47 |    42 ||   127
